Map: Old Estate

Players

Берилл

  • Race: Protoss Protoss
  • League: Silver
  • Spawn Location: 7:00

MooEsqoo

  • Race: Protoss Protoss
  • Spawn Location: 7:00

RespekT

  • Race: Terran Terran
  • Spawn Location: 7:00

Мокрушин

  • Race: Terran Terran
  • League: Silver
  • Spawn Location: 9:00

Patrick

  • Race: Protoss Protoss
  • Spawn Location: 3:00

AliloH

  • Race: Terran Terran
  • Spawn Location: 1:00

MidOne

  • Race: Terran Terran
  • Spawn Location: 3:00

Hagar

  • Race: Protoss Protoss
  • Spawn Location: 1:00

VOD

Have the link to the VOD?

Description

Time

  • Played on: Nov. 14, 2019, 9:42 a.m.
  • Length: 23:39
Show
View Real Time Build Order
Export as new Build Order

Берилл Protoss 

Build Orders: Carriers 

Get SALT Encoding   

  12  0:03  Probe (Chrono Boost)  
  13  0:13  Probe (Chrono Boost)  
  14  0:18  Probe (Chrono Boost)  
  15  0:29  Pylon  
  15  0:39  Pylon  
  15  0:55  Gateway  
  15  1:00  Forge  
  15  1:04  Probe  
  16  1:15  Assimilator  
  16  1:17  Probe (Chrono Boost)  
  17  1:21  Assimilator  
  17  1:29  Probe (Chrono Boost)  
  18  1:34  Probe (Chrono Boost)  
  19  1:43  Photon Cannon, Probe  
  20  1:47  Pylon  
  20  1:55  Probe  
  21  2:03  Cybernetics Core  
  21  2:07  Probe  
  22  2:19  Probe  
  23  2:33  Nexus  
  23  2:38  Assimilator  
  23  2:43  Assimilator  
  23  2:57  Stargate  
  23  2:59  Pylon  
  23  3:01  Probe (Chrono Boost)  
  25  3:13  Probe (Chrono Boost)  
  25  3:19  Probe (Chrono Boost)  
  26  3:26  Stargate  
  26  3:28  Probe  
  27  3:40  Probe  
  28  3:45  Fleet Beacon  
  28  3:52  Probe, Pylon  
  29  4:00  Probe (Chrono Boost)  
  30  4:06  Probe (Chrono Boost)  
  31  4:12  Probe (Chrono Boost)  
  33  4:19  Probe (Chrono Boost)  
  33  4:22  Probe (Chrono Boost)  
  34  4:27  Probe (Chrono Boost)  
  34  4:30  Stargate, Probe (Chrono Boost)  
  36  4:31  Probe (Chrono Boost)  
  37  4:39  Protoss Shields Level 1, Probe  
  37  4:42  Probe  
  39  4:46  Protoss Air Weapons Level 1  
  39  4:54  Probe (Chrono Boost)  
  39  4:55  Probe (Chrono Boost)  
  41  5:07  Probe (Chrono Boost)  
  43  5:12  Probe (Chrono Boost)  
  43  5:15  Probe (Chrono Boost)  
  43  5:19  Probe (Chrono Boost)  
  43  5:21  Probe  
  46  5:30  Probe, Nexus  
  46  5:33  Probe, Assimilator  
  48  5:39  Assimilator  
  48  5:43  Probe  
  48  5:46  Carrier  
  55  5:52  Twilight Council  
  55  5:55  Cybernetics Core, Probe (Chrono Boost)  
  57  5:57  Probe (Chrono Boost)  
  57  6:07  Probe (Chrono Boost)  
  57  6:10  Probe (Chrono Boost)  
  59  6:12  Probe (Chrono Boost)  
  59  6:16  Carrier  
  66  6:18  Probe  
  66  6:21  Probe  
  66  6:25  Pylon  
  68  6:28  Pylon  
  68  6:30  Probe, Pylon  
  69  6:33  Probe, Pylon  
  69  6:35  Pylon  
  70  6:42  Probe  
  70  6:45  Probe  
  72  6:52  Stargate, Protoss Air Armor Level 1  
  72  6:53  Stargate  
  72  6:55  Probe  
  72  6:57  Stargate  
  72  6:59  Protoss Air Weapons Level 2  
  80  7:22  Probe  
  80  7:34  Probe  
  75  7:47  Probe  
  75  7:51  Nexus  
  76  7:53  Pylon  
  76  7:55  Assimilator, Pylon  
  76  7:56  Carrier x2  
  76  7:58  Carrier, Pylon  
  94  8:01  Pylon  
  94  8:03  Pylon  
  94  8:08  Carrier  
  100  8:38  Assimilator  
  100  8:43  Pylon  
  100  8:46  Pylon  
  100  8:48  Stargate  
  100  8:52  Stargate  
  100  9:04  Probe  
  100  9:05  Protoss Air Armor Level 2  
  100  9:09  Carrier  
  107  9:16  Probe  
  108  9:52  Carrier x2 (Chrono Boost)  
  126  9:53  Carrier (Chrono Boost)  
  126  10:09  Void Ray (Chrono Boost)  
  126  10:12  Void Ray (Chrono Boost)  
  138  10:16  Void Ray (Chrono Boost)  
  138  10:29  Void Ray (Chrono Boost)  
  142  10:44  Protoss Shields Level 2  
  142  10:48  Protoss Air Weapons Level 3  
  142  10:51  Photon Cannon  
  142  10:53  Photon Cannon  
  142  10:56  Photon Cannon  
  142  11:03  Photon Cannon  
  142  11:06  Photon Cannon  
  142  11:11  Photon Cannon  
  142  11:14  Photon Cannon  
  142  11:18  Photon Cannon  
  142  11:20  Photon Cannon  
  142  11:26  Shield Battery  
  142  11:29  Shield Battery  
  142  11:30  Shield Battery  
  142  11:34  Carrier x2  
  142  11:36  Carrier  
  160  11:40  Shield Battery  
  160  11:42  Shield Battery  
  160  11:45  Shield Battery  
  160  11:51  Shield Battery  
  156  12:00  Shield Battery  
  148  12:01  Shield Battery  
  148  12:04  Shield Battery  
  142  12:09  Shield Battery  
  142  12:14  Pylon  
  142  12:15  Pylon  
  136  12:22  Pylon  
  136  12:26  Pylon  
  136  12:27  Probe  
  136  12:28  Pylon  
  127  12:30  Pylon  
  127  12:32  Pylon  
  127  12:33  Probe  
  127  12:35  Robotics Facility  
  116  12:39  Probe  
  116  12:44  Probe  
  107  12:46  Probe (Chrono Boost)  
  95  12:54  Probe (Chrono Boost)  
  95  12:56  Probe (Chrono Boost)  
  98  13:04  Probe (Chrono Boost)  
  98  13:05  Probe (Chrono Boost)  
  96  13:06  Probe (Chrono Boost)  
  96  13:12  Probe (Chrono Boost)  
  100  13:13  Probe x3 (Chrono Boost)  
  100  13:21  Probe  
  100  13:22  Probe (Chrono Boost)  
  100  13:23  Probe (Chrono Boost)  
  105  13:34  Probe (Chrono Boost)  
  105  13:39  Probe (Chrono Boost)  
  105  13:44  Probe (Chrono Boost)  
  105  13:45  Probe (Chrono Boost)  
  105  13:48  Carrier x5  
  132  13:51  Probe (Chrono Boost)  
  132  13:53  Probe x2 (Chrono Boost)  
  140  13:57  Probe (Chrono Boost)  
  140  13:58  Probe (Chrono Boost)  
  140  14:00  Probe  
  143  14:05  Probe  
  143  14:08  Probe  
  145  14:12  Probe  
  146  14:17  Probe  
  146  14:20  Probe  
  148  14:24  Probe  
  148  14:29  Probe  
  150  14:37  Probe  
  151  14:41  Probe  
  152  14:49  Probe  
  153  14:53  Probe  
  112  15:28  Carrier x2  
  112  15:29  Carrier x3  
  130  15:37  Probe  
  132  15:42  Probe  
  132  15:49  Probe  
  133  15:55  Probe  
  134  16:01  Probe  
  135  16:07  Probe  
  136  16:13  Probe  
  137  16:20  Carrier x3  
  155  16:26  Probe  
  168  16:33  Carrier x2  
  168  16:38  Probe  
  103  17:27  Probe  
  104  17:31  Carrier x5  
  104  17:32  Carrier  
  140  17:39  Probe  
  141  17:46  Protoss Shields Level 3  
  141  17:51  Probe  
  141  17:58  Protoss Air Armor Level 3  
  142  18:17  Carrier  
  148  18:36  Assimilator  
  108  19:25  Carrier  
  108  19:26  Carrier x6  
  108  19:27  Carrier  
  152  20:08  Probe  
  152  20:14  Probe  
  154  20:20  Probe  
  155  20:26  Probe, Nexus  
  156  20:32  Probe  
  151  20:36  Assimilator  
  151  20:38  Probe  
  134  20:44  Probe  
  123  20:50  Probe  
  123  20:56  Probe  
  119  21:02  Probe  
  120  21:50  Nexus  
  120  21:51  Assimilator  
  119  21:57  Assimilator  
  21  23:29  Nexus  
  21  23:32  Assimilator  
Show
View Real Time Build Order
Export as new Build Order

MooEsqoo Protoss 

Build Orders: 1 Gate Expand, Carriers 

Get SALT Encoding   

  12  0:02  Probe  
  13  0:14  Probe  
  14  0:26  Probe  
  15  0:32  Pylon  
  15  0:34  Assimilator  
  16  0:50  Probe  
  16  0:55  Gateway  
  16  1:02  Probe  
  17  1:14  Probe  
  18  1:26  Nexus  
  18  1:33  Probe  
  18  1:34  Pylon  
  19  1:41  Assimilator  
  19  1:49  Cybernetics Core  
  19  2:05  Probe  
  20  2:20  Probe  
  21  2:26  Stalker  
  23  2:32  Forge  
  23  2:36  Warp Gate  
  23  2:43  Probe  
  24  2:47  Probe  
  25  2:55  Probe  
  25  2:56  Stalker  
  28  3:00  Probe  
  29  3:07  Probe  
  29  3:08  Gateway  
  29  3:09  Gateway  
  30  3:17  Stargate  
  30  3:21  Probe  
  30  3:23  Probe  
  32  3:33  Probe  
  33  3:35  Probe  
  34  3:42  Assimilator  
  34  3:44  Stalker  
  34  3:45  Probe  
  34  3:48  Probe  
  38  3:55  Stalker  
  38  3:57  Stalker  
  42  4:07  Phoenix  
  44  4:10  Probe  
  44  4:11  Probe  
  46  4:34  Pylon  
  46  4:36  Pylon  
  46  4:38  Pylon  
  46  4:52  Probe, Phoenix  
  49  4:53  Stalker x2, Probe  
  49  4:54  Stalker  
  56  5:05  Probe  
  57  5:11  Twilight Council  
  57  5:17  Probe, Gateway  
  57  5:19  Gateway  
  58  5:23  Phoenix  
  58  5:26  Stalker  
  58  5:27  Pylon  
  62  5:31  Stalker  
  64  5:39  Probe  
  65  5:49  Assimilator  
  65  5:50  Probe  
  65  5:51  Probe  
  65  5:52  Phoenix  
  65  5:54  Stalker x2  
  73  6:03  Probe  
  74  6:36  Stargate  
  74  6:39  Stargate  
  74  6:41  Nexus  
  74  6:57  Pylon  
  74  6:58  Pylon  
  74  6:59  Pylon  
  74  7:04  Phoenix (Chrono Boost)  
  74  7:06  Stalker, Blink  
  82  7:30  Stalker, Phoenix x2 (Chrono Boost)  
  82  7:32  Stalker  
  86  7:53  Phoenix x2  
  90  8:05  Probe  
  91  8:13  Assimilator  
  91  8:17  Assimilator  
  91  8:18  Probe  
  92  8:30  Probe  
  93  8:42  Probe  
  94  8:49  Phoenix x2  
  94  8:50  Phoenix  
  94  8:54  Probe  
  88  9:21  Probe  
  89  9:33  Probe  
  89  9:37  Probe  
  91  9:44  Probe  
  92  9:45  Probe  
  92  9:50  Probe  
  94  9:56  Phoenix  
  94  9:57  Probe  
  94  9:58  Phoenix x2  
  101  10:02  Probe  
  101  10:06  Stalker x5  
  112  10:10  Probe  
  112  10:14  Photon Cannon  
  113  10:21  Phoenix  
  113  10:23  Phoenix  
  113  10:26  Photon Cannon  
  117  10:30  Photon Cannon  
  117  10:38  Pylon  
  117  10:39  Pylon  
  117  10:41  Pylon  
  117  10:43  Pylon  
  117  10:45  Pylon x2  
  117  10:49  Pylon  
  117  10:56  Probe, Phoenix x3  
  124  11:08  Probe  
  125  11:20  Probe  
  125  11:21  Phoenix x2  
  126  11:32  Probe  
  99  11:44  Probe  
  86  12:04  Probe  
  86  12:07  Fleet Beacon  
  87  12:09  Phoenix x2  
  87  12:10  Phoenix  
  88  12:34  Phoenix x2  
  88  12:35  Phoenix  
  86  13:18  Carrier x2  
  86  13:19  Carrier  
  100  13:30  Stargate  
  75  14:34  Carrier  
  75  14:35  Carrier x2  
  75  14:37  Carrier  
  95  14:42  Stargate  
  95  14:49  Protoss Ground Weapons Level 1 (Chrono Boost)  
  95  14:56  Anion Pulse-Crystals (Chrono Boost)  
  95  14:59  Protoss Air Weapons Level 1 (Chrono Boost)  
  95  15:37  Stalker x3  
  95  15:38  Stalker x2  
  105  15:47  Carrier (Chrono Boost)  
  117  15:55  Carrier (Chrono Boost)  
  123  15:58  Carrier (Chrono Boost)  
  123  16:07  Phoenix (Chrono Boost)  
  96  16:53  Carrier  
  106  17:22  Carrier (Chrono Boost)  
  106  17:23  Carrier (Chrono Boost)  
  112  17:46  Carrier (Chrono Boost)  
  118  18:00  Pylon  
  118  18:02  Pylon  
  118  18:04  Pylon  
  118  18:06  Pylon  
  118  18:07  Pylon  
  124  18:20  Carrier (Chrono Boost)  
  107  19:20  Nexus  
  105  20:05  Carrier  
  1  21:24  Nexus  
  1  22:37  Assimilator  
  1  22:38  Probe  
  2  22:53  Probe  
Show
View Real Time Build Order
Export as new Build Order

RespekT Terran 

Build Orders:  

Get SALT Encoding   

  12  0:12  Supply Depot  
  12  0:15  SCV  
  13  0:25  Refinery  
  13  0:27  SCV  
  14  0:39  SCV  
  15  0:46  Barracks  
  15  0:52  SCV  
  16  1:04  SCV  
  17  1:13  Supply Depot  
  17  1:16  SCV  
  18  1:28  SCV  
  19  1:38  Factory  
  19  1:40  SCV  
  20  1:54  Refinery  
  20  2:14  Command Center  
  20  2:25  Factory Tech Lab  
  20  2:34  Starport  
  20  2:38  SCV  
  21  2:50  SCV  
  22  3:12  Starport  
  22  3:14  Supply Depot  
  22  3:17  Siege Tank  
  25  3:27  SCV  
  26  3:35  Refinery  
  26  3:39  SCV  
  27  3:42  Viking  
  27  3:47  SCV  
  30  3:51  SCV  
  31  3:57  Viking  
  33  4:03  SCV  
  33  4:05  Supply Depot  
  34  4:15  SCV  
  35  4:21  Viking  
  37  4:27  SCV  
  37  4:30  Supply Depot  
  38  4:33  Viking  
  40  4:40  SCV  
  41  4:52  SCV  
  42  4:56  Viking  
  42  4:58  Engineering Bay  
  44  5:09  Viking  
  46  5:17  Starport  
  46  5:26  Viking  
  46  5:27  Supply Depot  
  48  5:39  Viking  
  50  5:50  Supply Depot  
  50  5:55  Command Center  
  50  6:02  Refinery  
  50  6:04  SCV  
  51  6:14  Viking  
  51  6:16  SCV  
  54  6:25  Supply Depot  
  54  6:41  Viking  
  54  6:44  Viking  
  58  6:54  Starport  
  58  7:00  Viking  
  60  7:06  Supply Depot  
  60  7:09  SCV  
  60  7:11  Missile Turret  
  61  7:18  Viking  
  61  7:21  SCV  
  64  7:27  Viking  
  66  7:33  Supply Depot  
  66  7:37  Viking  
  66  7:40  SCV  
  69  7:51  Viking  
  71  7:53  SCV  
  72  8:01  Armory  
  72  8:10  Missile Turret  
  72  8:13  Viking  
  72  8:16  Viking  
  76  8:21  SCV  
  77  8:30  Viking  
  77  8:33  SCV  
  80  8:41  Supply Depot  
  80  8:49  SCV  
  80  8:51  Refinery  
  80  8:55  Viking  
  83  9:00  Viking  
  83  9:01  SCV  
  86  9:13  SCV  
  87  9:25  Viking, SCV  
  87  9:28  Viking  
  92  9:31  Viking  
  92  9:34  Viking  
  96  9:40  Supply Depot  
  96  9:42  SCV  
  97  9:54  SCV  
  98  10:06  SCV  
  99  10:18  SCV  
  99  10:21  Viking  
  102  10:22  Viking  
  102  10:24  Viking  
  102  10:25  Viking  
  108  10:30  SCV  
  108  10:31  Command Center  
  53  11:50  Viking  
  53  11:52  Viking  
  55  11:54  Viking  
  55  11:56  Viking  
  59  12:02  SCV  
  60  12:10  Missile Turret  
  60  12:14  SCV  
  61  12:20  Viking  
  61  12:22  Viking  
  61  12:24  Viking  
  61  12:26  Viking, SCV  
  66  12:38  SCV  
  67  12:50  Viking, SCV  
  70  12:52  Viking  
  70  12:54  Viking  
  70  12:56  Viking  
  72  13:02  SCV  
  71  13:15  SCV  
  72  13:20  Viking  
  72  13:22  Viking  
  72  13:26  Viking  
  72  13:27  SCV  
  71  13:39  SCV  
  68  13:50  Viking  
  68  13:54  Viking  
  68  13:56  Viking  
  68  13:58  Viking  
  72  14:11  Missile Turret  
  72  14:20  Viking  
  73  14:24  Viking  
  73  14:28  Viking  
  67  14:36  Command Center  
  67  14:41  Missile Turret  
  67  14:45  Missile Turret  
  67  14:48  Missile Turret  
  67  14:53  Missile Turret  
  67  14:54  Viking  
  67  14:58  Missile Turret, Viking  
  71  15:02  Missile Turret  
  71  15:08  Missile Turret  
  71  15:11  Missile Turret  
  71  15:17  Missile Turret  
  71  15:21  Missile Turret  
  71  15:22  Missile Turret  
  71  15:24  Viking  
  71  15:28  Missile Turret, Viking  
  73  15:32  Missile Turret  
  75  15:41  Missile Turret  
  75  15:43  Missile Turret  
  75  15:48  Missile Turret  
  75  15:49  Missile Turret  
  75  15:51  Missile Turret x2  
  75  15:54  Viking  
  69  15:58  Viking  
Show
View Real Time Build Order
Export as new Build Order

Мокрушин Terran 

Build Orders:  

Get SALT Encoding   

  12  0:01  SCV  
  13  0:13  SCV  
  14  0:27  Supply Depot  
  14  0:31  SCV  
  15  0:48  SCV  
  16  0:52  Barracks  
  16  1:01  SCV  
  17  1:23  Refinery  
  17  1:27  Refinery  
  17  1:28  SCV  
  18  1:40  Barracks, SCV  
  18  1:45  Marine  
  20  1:52  SCV  
  21  2:02  Marine  
  21  2:04  SCV  
  23  2:44  Barracks Reactor  
  23  2:54  Bunker  
  23  3:08  Barracks Tech Lab  
  23  3:16  Engineering Bay  
  23  3:22  Supply Depot  
  23  3:31  Orbital Command  
  23  3:40  Command Center  
  23  3:43  Combat Shield, Marine x2  
  23  3:44  Supply Depot  
  23  3:48  Marine  
  26  4:01  Marine  
  27  4:06  Supply Depot, Marine  
  28  4:12  Factory  
  28  4:17  Missile Turret  
  28  4:24  Marine  
  29  4:29  Supply Depot  
  29  4:39  Missile Turret  
  29  4:45  Marine  
  29  4:46  Marine  
  31  4:53  Refinery  
  31  4:58  Refinery  
  31  5:01  Terran Infantry Weapons Level 1  
  31  5:02  Stimpack  
  31  5:22  Orbital Command  
  31  5:30  Widow Mine  
  33  5:48  SCV  
  34  5:52  Widow Mine  
  34  5:53  SCV  
  37  6:00  SCV  
  38  6:05  SCV  
  39  6:12  SCV  
  39  6:13  Widow Mine  
  39  6:18  SCV  
  43  6:30  SCV  
  44  6:42  SCV  
  45  6:54  SCV  
  45  6:55  Terran Infantry Armor Level 1  
  46  7:06  SCV  
  47  7:20  Barracks Reactor  
  47  7:22  SCV  
  48  7:27  Marine x2  
  50  7:34  SCV  
  51  7:45  Marine x2  
  51  7:46  SCV  
  51  7:47  Armory  
  54  7:58  SCV  
  55  8:03  Marine x2  
  57  8:10  SCV  
  60  8:27  Widow Mine  
  60  8:38  Missile Turret  
  62  8:48  Widow Mine  
  62  8:59  Missile Turret  
  64  9:10  Widow Mine  
  64  9:20  Missile Turret  
  66  9:31  Widow Mine  
  66  9:44  Missile Turret  
  68  9:52  Widow Mine  
  68  10:03  Missile Turret  
  68  10:23  Missile Turret  
  68  10:34  Marine x4  
  72  10:37  Thor  
  72  10:41  Drilling Claws  
  78  10:45  Supply Depot  
  78  10:50  Terran Vehicle And Ship Armor Level 1  
  78  10:51  Terran Infantry Weapons Level 2, Marine  
  78  10:52  Marine x3  
  82  11:08  Supply Depot  
  82  11:09  Marine x2  
  82  11:10  Marine x2  
  86  11:20  Thor  
  92  11:27  Marine  
  92  11:30  Supply Depot  
  93  11:53  Supply Depot  
  93  12:02  Thor  
  99  12:16  Supply Depot  
  99  12:41  Supply Depot  
  99  12:44  Terran Vehicle Weapons Level 1  
  99  12:45  Thor  
  105  13:04  Supply Depot  
  105  13:07  Terran Infantry Armor Level 2  
  105  13:27  Supply Depot  
  105  13:28  Thor  
  111  13:34  Marine x3  
  111  13:35  Marine  
  115  13:52  Marine x3  
  110  14:23  Thor  
  100  14:25  Marine  
  100  14:26  Marine x3  
  104  14:43  Marine x2  
  104  14:44  Marine x2  
  108  15:01  Marine x3  
  108  15:02  Marine  
  108  15:06  Thor  
  118  15:09  Starport  
  118  15:13  Starport  
  118  15:17  Starport  
  118  15:18  Starport  
  118  15:19  Marine x4  
  122  15:27  Terran Ship Weapons Level 1  
  122  15:30  Terran Infantry Weapons Level 3  
  122  15:49  Starport, Thor  
  110  16:06  Starport Tech Lab  
  110  16:07  Starport Tech Lab x2  
  110  16:32  Thor  
  116  16:45  Fusion Core  
  113  17:14  Thor  
  111  17:39  Battlecruiser x3  
  129  17:47  Starport Tech Lab  
  129  18:08  Terran Infantry Armor Level 3  
  129  18:17  Battlecruiser  
  129  18:19  Weapon Refit  
  135  18:27  Starport Reactor  
  135  18:39  Command Center  
  103  21:32  Battlecruiser x4  
  127  21:41  Refinery  
  127  21:44  Refinery  
Show
View Real Time Build Order
Export as new Build Order

Patrick Protoss 

Build Orders:  

Get SALT Encoding   

  12  9:22  Probe  
  13  9:34  Probe  
  14  9:46  Assimilator, Pylon  
  14  9:47  Assimilator  
  14  9:50  Pylon  
  14  9:51  Pylon  
  14  9:58  Probe (Chrono Boost)  
  15  10:01  Assimilator  
  15  10:03  Nexus  
  15  10:06  Assimilator  
  16  10:08  Probe (Chrono Boost)  
  16  10:13  Probe (Chrono Boost)  
  16  10:21  Gateway  
  17  10:24  Probe, Forge  
  18  10:32  Nexus  
  18  10:35  Assimilator  
  18  10:36  Probe  
  18  10:40  Assimilator  
  19  10:48  Probe  
  19  10:49  Pylon  
  20  10:54  Pylon  
  20  11:00  Probe (Chrono Boost)  
  20  11:06  Pylon  
  20  11:09  Cybernetics Core, Pylon  
  20  11:11  Pylon  
  21  11:12  Probe (Chrono Boost)  
  21  11:17  Probe (Chrono Boost)  
  21  11:18  Probe (Chrono Boost)  
  24  11:27  Probe (Chrono Boost)  
  24  11:28  Probe (Chrono Boost)  
  24  11:29  Gateway  
  24  11:32  Probe x2 (Chrono Boost)  
  25  11:35  Gateway  
  27  11:41  Probe (Chrono Boost)  
  27  11:44  Probe (Chrono Boost)  
  27  11:47  Warp Gate (Chrono Boost)  
  29  11:50  Gateway  
  29  11:52  Probe (Chrono Boost)  
  29  11:54  Probe (Chrono Boost)  
  31  11:55  Forge  
  31  11:58  Probe x2 (Chrono Boost)  
  31  12:00  Forge  
  33  12:08  Probe x2, Gateway  
  34  12:12  Gateway  
  35  12:19  Gateway x2  
  35  12:22  Pylon  
  35  12:28  Pylon  
  35  12:29  Nexus  
  35  12:30  Pylon  
  35  12:32  Assimilator  
  35  12:36  Assimilator  
  35  12:37  Protoss Ground Weapons Level 1 (Chrono Boost)  
  35  12:44  Protoss Shields Level 1 (Chrono Boost)  
  35  12:47  Protoss Ground Armor Level 1 (Chrono Boost)  
  35  13:00  Twilight Council  
  35  13:02  Pylon x2  
  35  13:06  Pylon  
  35  13:18  Twilight Council  
  35  13:25  Probe  
  35  13:26  Probe  
  37  13:29  Robotics Facility  
  37  13:40  Probe (Chrono Boost)  
  40  13:41  Probe (Chrono Boost)  
  40  13:42  Probe (Chrono Boost)  
  40  13:50  Probe (Chrono Boost)  
  40  13:53  Probe x2 (Chrono Boost), Blink  
  43  13:55  Probe (Chrono Boost)  
  43  14:00  Templar Archives  
  43  14:02  Probe x2  
  46  14:05  Pylon  
  46  14:07  Probe  
  46  14:08  Pylon  
  47  14:12  Pylon  
  47  14:14  Probe x2  
  47  14:17  Pylon  
  49  14:19  Probe  
  50  14:26  Probe x2  
  50  14:29  Observer  
  54  14:31  Probe  
  54  14:38  Probe  
  55  14:39  Probe  
  55  14:41  Stalker  
  55  14:43  Stalker, Probe  
  55  14:44  Stalker x4  
  55  14:45  Stalker x2  
  73  14:50  Probe, Observer  
  73  14:51  Probe  
  76  14:54  Photon Cannon  
  76  14:55  Probe  
  76  14:57  Photon Cannon  
  76  14:58  Psionic Storm  
  77  15:00  Photon Cannon  
  77  15:01  Photon Cannon  
  77  15:02  Probe  
  77  15:03  Probe  
  77  15:04  Photon Cannon  
  79  15:07  Probe  
  79  15:08  Photon Cannon  
  79  15:11  Observer  
  81  15:14  Probe  
  81  15:15  Probe  
  81  15:19  High Templar x3, Probe  
  81  15:20  High Templar x3  
  96  15:29  Photon Cannon  
  96  15:33  Pylon, Observer  
  97  15:36  Pylon  
  96  15:52  High Templar  
  96  15:53  High Templar x2  
  96  15:54  Observer  
  103  16:03  Protoss Ground Weapons Level 2 (Chrono Boost), Protoss Ground Armor Level 2 (Chrono Boost)  
  103  16:22  Photon Cannon  
  103  16:25  Photon Cannon  
  103  16:26  Photon Cannon  
  103  16:29  Photon Cannon  
  103  16:30  Protoss Shields Level 2 (Chrono Boost), Nexus  
  103  16:32  Observer  
  104  16:35  Assimilator x2  
  104  16:37  Archon x3  
  104  16:43  High Templar  
  104  16:44  Stalker x2  
  104  16:46  Stalker  
  112  16:53  Observer  
  113  17:18  High Templar x3  
  113  17:20  Stalker  
  113  17:21  Stalker  
  123  17:49  Probe x3  
  126  18:05  Pylon  
  126  18:09  Pylon  
  126  18:13  Pylon  
  126  18:16  Pylon  
  126  18:19  Pylon  
  126  18:21  Pylon  
  126  18:27  High Templar x3  
  126  18:28  High Templar x4  
  126  18:29  High Templar, Pylon  
  126  18:31  Pylon  
  142  18:44  Photon Cannon  
  142  18:47  Photon Cannon  
  142  18:49  Photon Cannon  
  142  18:50  Photon Cannon  
  142  18:52  Photon Cannon  
  142  18:54  Photon Cannon  
  142  18:55  Protoss Ground Weapons Level 3 (Chrono Boost)  
  142  18:56  Shield Battery, Protoss Ground Armor Level 3 (Chrono Boost), Protoss Shields Level 3 (Chrono Boost)  
  142  18:57  Photon Cannon  
  142  19:02  Photon Cannon  
  142  19:03  Archon x2  
  142  19:04  Archon  
  142  19:23  High Templar  
  144  19:24  High Templar  
  144  19:29  Archon  
  146  19:31  Archon  
  146  19:45  Robotics Bay  
  146  19:47  Pylon  
  146  20:02  High Templar x2  
  146  20:04  High Templar x2  
  146  20:05  High Templar x2  
  158  20:09  Archon x2  
  158  20:10  Archon  
  158  20:22  Archon  
  158  20:27  Stalker x2  
  162  20:46  High Templar x4  
  162  20:47  High Templar  
  162  20:49  High Templar  
  174  21:02  Archon x3  
  174  21:03  Pylon  
  174  21:04  Pylon  
  174  21:11  Pylon  
  174  21:12  Charge (Chrono Boost)  
  174  21:20  Zealot x6  
  174  21:21  Zealot x2  
  190  22:22  High Templar x2  
  194  22:24  Zealot x2  
  194  22:25  High Templar  
Show
View Real Time Build Order
Export as new Build Order

AliloH Terran 

Build Orders:  

Get SALT Encoding   

  12  0:02  SCV  
  13  0:19  Supply Depot  
  13  0:21  SCV  
  14  0:33  SCV  
  15  0:43  Refinery  
  15  0:45  Barracks  
  15  0:48  SCV  
  16  1:00  SCV  
  17  1:13  SCV  
  17  1:16  Refinery  
  18  1:25  SCV  
  19  1:37  SCV  
  20  1:40  Supply Depot  
  20  1:49  Factory, SCV  
  22  2:01  SCV  
  22  2:13  SCV  
  23  2:20  Command Center  
  23  2:27  Orbital Command  
  23  2:46  Starport  
  23  2:56  SCV  
  24  3:08  SCV  
  25  3:16  Starport  
  25  3:20  SCV  
  26  3:27  Fusion Core  
  26  4:00  Starport Tech Lab  
  26  4:01  Starport Tech Lab  
  26  4:09  Supply Depot  
  26  4:12  Command Center, Supply Depot  
  26  4:15  Armory  
  26  4:19  SCV  
  28  4:31  SCV  
  28  4:43  Battlecruiser, SCV  
  35  4:55  SCV  
  36  5:04  Armory  
  36  5:08  Refinery  
  36  5:09  Refinery  
  36  5:11  SCV  
  37  5:20  Refinery  
  37  5:23  SCV  
  37  5:24  Refinery  
  38  5:35  SCV  
  38  5:37  Battlecruiser  
  38  5:42  SCV  
  46  5:48  SCV  
  47  5:51  Orbital Command  
  47  5:54  SCV  
  48  6:00  SCV  
  48  6:03  Starport  
  49  6:06  SCV  
  49  6:07  Starport  
  50  6:44  Starport Tech Lab x2, Supply Depot  
  50  6:46  Battlecruiser  
  56  6:48  Supply Depot  
  56  7:02  SCV  
  57  7:09  Supply Depot  
  57  7:13  SCV  
  57  7:14  SCV  
  59  7:25  SCV  
  59  7:26  SCV  
  61  7:37  SCV  
  61  7:38  SCV  
  69  7:44  Battlecruiser  
  69  7:45  Battlecruiser x2  
  69  7:49  SCV  
  69  7:50  SCV  
  83  7:55  Supply Depot  
  83  7:56  Supply Depot  
  83  8:01  SCV  
  84  8:11  Orbital Command  
  84  8:20  Supply Depot  
  84  8:21  Supply Depot  
  84  8:24  Terran Ship Weapons Level 1, Terran Vehicle And Ship Armor Level 1  
  84  8:37  Command Center  
  84  8:44  Supply Depot  
  84  8:45  Supply Depot  
  84  8:51  Battlecruiser  
  84  8:52  Battlecruiser  
  96  9:01  Battlecruiser  
  102  9:55  Refinery  
  102  9:58  SCV  
  103  10:00  Orbital Command  
  103  10:05  Battlecruiser  
  109  10:10  Battlecruiser, SCV  
  109  10:11  Battlecruiser  
  122  10:20  Refinery  
  122  10:22  SCV  
  123  10:34  SCV  
  124  10:46  SCV  
  125  10:59  Battlecruiser  
  131  11:09  Battlecruiser  
  137  11:14  Battlecruiser  
  89  12:19  Battlecruiser  
  89  12:20  Battlecruiser x2  
  107  12:33  Terran Ship Weapons Level 2  
  107  12:34  Terran Vehicle And Ship Armor Level 2  
  107  12:36  Battlecruiser  
  113  13:24  Battlecruiser x2  
  119  14:09  Battlecruiser x2  
  131  14:20  SCV  
  132  14:28  Battlecruiser x2  
  144  14:32  SCV  
  145  14:43  Supply Depot  
  145  14:44  SCV  
  145  14:45  Supply Depot  
  146  14:56  SCV  
  147  15:08  Supply Depot, SCV  
  147  15:10  Supply Depot  
  147  15:13  Battlecruiser  
  147  15:14  Battlecruiser  
  154  15:32  Supply Depot, Battlecruiser x2  
  154  15:33  Supply Depot  
  148  16:18  Battlecruiser  
  148  16:41  Battlecruiser x3  
  142  17:22  Battlecruiser  
  148  17:45  Battlecruiser x3  
  166  18:10  Terran Ship Weapons Level 3  
  166  18:13  Command Center  
  166  18:16  Refinery  
  166  18:17  Refinery  
  166  18:26  Battlecruiser  
  172  18:49  Battlecruiser  
  124  20:55  Orbital Command  
  124  21:03  Battlecruiser x4  
  148  22:07  Battlecruiser x2  
Show
View Real Time Build Order
Export as new Build Order

MidOne Terran 

Build Orders:  

Get SALT Encoding   

  12  0:05  SCV  
  13  0:23  Supply Depot  
  13  0:42  SCV  
  14  0:46  Supply Depot  
  14  0:54  SCV  
  15  1:06  SCV  
  15  1:10  Barracks  
  16  1:20  Engineering Bay  
  16  1:24  Refinery  
  16  1:34  SCV  
  17  1:46  SCV  
  18  1:59  Missile Turret  
  19  2:01  SCV  
  19  2:04  Marine  
  20  2:13  SCV  
  20  2:14  Barracks  
  21  2:25  Missile Turret  
  21  2:33  Missile Turret  
  21  2:37  Refinery, SCV  
  21  2:43  Marine  
  23  2:49  SCV  
  24  3:00  Marine  
  24  3:02  SCV  
  24  3:04  Missile Turret  
  26  3:15  Factory  
  26  3:18  Missile Turret, Marine  
  27  3:23  Barracks Tech Lab  
  27  3:29  Supply Depot  
  27  3:36  Marine  
  27  3:37  SCV  
  29  3:49  SCV  
  29  3:50  Missile Turret  
  29  3:51  Supply Depot  
  29  3:54  Marine  
  31  3:57  Combat Shield  
  31  4:04  Factory Tech Lab  
  31  4:30  Command Center  
  31  4:38  Missile Turret  
  31  4:43  Hi-Sec Auto Tracking  
  31  4:51  SCV  
  32  5:01  Supply Depot  
  32  5:03  SCV  
  33  5:13  Missile Turret  
  33  5:24  Cyclone  
  36  5:37  Missile Turret  
  36  5:50  SCV  
  37  6:03  SCV  
  38  6:10  Factory  
  38  6:15  SCV  
  39  6:25  Mag-Field Accelerator  
  39  6:27  Cyclone  
  42  6:33  Barracks Reactor  
  42  6:36  Marine  
  43  6:50  Refinery  
  43  6:54  Marine  
  43  6:59  Neosteel Armor, Cyclone  
  47  7:02  Factory Tech Lab  
  47  7:08  Armory  
  47  7:09  SCV  
  47  7:12  Marine  
  49  7:21  SCV  
  50  7:29  Marine  
  50  7:31  Cyclone  
  50  7:34  SCV  
  55  7:47  Marine  
  55  7:51  Cyclone  
  59  8:08  Cyclone  
  62  8:23  Cyclone  
  65  8:40  Cyclone  
  59  8:48  Starport  
  59  8:55  Cyclone  
  62  9:12  Cyclone  
  65  9:27  Cyclone, Starport  
  68  9:34  Starport Tech Lab  
  68  9:37  Terran Vehicle Weapons Level 1  
  68  9:43  SCV  
  69  9:55  SCV  
  70  10:04  Supply Depot  
  70  10:12  Supply Depot  
  70  10:14  Supply Depot  
  70  10:25  SCV  
  70  10:27  Supply Depot  
  71  10:32  Fusion Core  
  71  10:35  Supply Depot  
  71  10:36  Terran Infantry Armor Level 1  
  71  10:37  Supply Depot  
  71  10:38  SCV  
  72  11:19  Starport Tech Lab  
  72  11:20  Battlecruiser  
  78  11:28  Refinery  
  78  11:31  Terran Vehicle And Ship Armor Level 1, Supply Depot  
  78  11:55  Supply Depot  
  78  11:57  Battlecruiser  
  84  12:12  Armory  
  84  12:16  Supply Depot  
  84  12:30  Terran Infantry Weapons Level 1, Battlecruiser  
  90  12:39  Supply Depot  
  90  13:23  Battlecruiser  
  90  13:26  Terran Ship Weapons Level 1  
  96  13:27  Terran Vehicle Weapons Level 2  
  96  13:39  Supply Depot  
  96  14:02  Supply Depot  
  96  14:27  Battlecruiser  
  102  15:19  Terran Vehicle And Ship Armor Level 2  
  102  16:22  Battlecruiser  
  102  16:23  Battlecruiser  
  114  17:26  Battlecruiser  
  114  17:28  Battlecruiser  
  120  17:57  SCV  
  121  18:09  SCV  
  122  18:21  SCV  
  122  18:26  Terran Vehicle Weapons Level 3  
  123  18:28  Terran Vehicle And Ship Armor Level 3  
  123  18:30  Battlecruiser  
  123  18:33  SCV  
  130  18:41  Refinery  
  130  18:45  SCV  
  130  18:46  Refinery  
  131  18:53  Command Center  
  131  19:26  Battlecruiser  
  108  21:25  Battlecruiser  
  108  21:27  Battlecruiser  
  114  21:36  SCV  
  115  21:44  SCV  
  116  21:48  SCV  
  117  21:56  SCV  
  117  22:00  SCV  
  119  22:03  Starport  
  119  22:08  Starport, SCV  
  119  22:12  SCV  
  121  22:20  SCV  
  122  22:24  SCV  
  129  22:30  Battlecruiser  
  129  22:31  Battlecruiser  
  129  22:32  SCV  
  136  22:52  Refinery  
  136  22:57  Refinery  
  136  23:01  Starport Tech Lab  
  136  23:04  Starport Tech Lab  
Show
View Real Time Build Order
Export as new Build Order

Hagar Protoss 

Build Orders: Carriers 

Get SALT Encoding   

  12  0:05  Probe  
  13  0:20  Probe  
  14  0:27  Pylon  
  14  0:32  Probe  
  15  0:45  Probe (Chrono Boost)  
  16  0:56  Probe (Chrono Boost)  
  17  1:00  Probe (Chrono Boost)  
  18  1:12  Probe, Nexus  
  19  1:23  Assimilator  
  19  1:24  Probe  
  20  1:30  Assimilator  
  20  1:36  Probe  
  21  1:48  Probe  
  22  2:00  Probe, Pylon  
  23  2:02  Pylon  
  23  2:12  Assimilator  
  23  2:17  Assimilator  
  23  2:18  Probe (Chrono Boost)  
  26  2:30  Probe (Chrono Boost)  
  26  2:31  Probe (Chrono Boost)  
  27  2:38  Probe (Chrono Boost)  
  27  2:39  Probe (Chrono Boost)  
  27  2:44  Probe (Chrono Boost)  
  28  2:45  Probe (Chrono Boost)  
  30  2:53  Probe  
  30  2:56  Probe  
  32  3:02  Forge  
  32  3:05  Probe (Chrono Boost)  
  32  3:10  Probe (Chrono Boost)  
  34  3:17  Probe (Chrono Boost)  
  34  3:19  Probe (Chrono Boost)  
  36  3:20  Pylon  
  36  3:22  Probe (Chrono Boost)  
  36  3:23  Pylon  
  36  3:24  Probe (Chrono Boost)  
  38  3:32  Probe  
  39  3:35  Probe  
  40  3:44  Probe  
  40  3:47  Probe  
  42  3:56  Probe  
  42  3:59  Probe  
  44  4:02  Nexus  
  44  4:06  Assimilator  
  44  4:08  Probe  
  45  4:10  Assimilator  
  45  4:11  Probe  
  45  4:12  Gateway  
  46  4:20  Probe  
  46  4:23  Probe  
  48  4:32  Probe (Chrono Boost)  
  50  4:39  Probe (Chrono Boost)  
  50  4:40  Protoss Ground Weapons Level 1 (Chrono Boost)  
  50  4:44  Probe (Chrono Boost)  
  51  4:51  Probe x2 (Chrono Boost)  
  53  4:52  Pylon  
  53  4:59  Probe  
  55  5:00  Probe  
  55  5:03  Pylon  
  55  5:11  Probe  
  55  5:12  Probe  
  57  5:15  Photon Cannon  
  57  5:17  Photon Cannon  
  57  5:23  Probe  
  57  5:24  Probe  
  57  5:25  Cybernetics Core  
  57  5:27  Cybernetics Core  
  59  5:30  Photon Cannon  
  59  5:35  Photon Cannon  
  59  5:41  Probe  
  60  5:43  Probe x2  
  60  5:45  Photon Cannon  
  60  5:48  Pylon  
  62  5:52  Pylon  
  62  5:53  Probe  
  62  5:55  Probe x2, Pylon  
  65  6:07  Probe  
  66  6:23  Stargate  
  66  6:24  Robotics Facility  
  66  6:29  Stargate  
  66  6:32  Stargate  
  66  6:34  Stargate  
  66  6:38  Protoss Shields Level 1 (Chrono Boost)  
  66  6:41  Photon Cannon  
  66  6:43  Photon Cannon  
  66  6:47  Photon Cannon  
  66  6:52  Twilight Council  
  66  7:04  Protoss Air Weapons Level 1 (Chrono Boost), Protoss Air Armor Level 1 (Chrono Boost)  
  66  7:17  Pylon  
  66  7:22  Pylon x2  
  66  7:24  Pylon  
  66  7:26  Assimilator x2  
  66  7:29  Nexus  
  66  7:32  Pylon  
  66  7:33  Pylon  
  66  7:38  Probe  
  66  7:39  Probe x2  
  69  7:51  Probe x3  
  72  7:57  Void Ray  
  72  7:58  Void Ray x3  
  88  8:08  Robotics Bay  
  88  8:09  Fleet Beacon  
  88  8:15  Pylon  
  88  8:17  Pylon, Observer  
  88  8:19  Pylon  
  89  8:30  Protoss Ground Armor Level 1  
  89  8:38  Observer  
  89  8:40  Void Ray x2  
  98  8:42  Void Ray x2  
  106  8:53  Photon Cannon  
  106  8:59  Observer  
  107  9:07  Photon Cannon  
  107  9:10  Photon Cannon  
  107  9:21  Observer  
  107  9:23  Anion Pulse-Crystals, Void Ray x2  
  116  9:24  Void Ray  
  116  9:25  Void Ray  
  124  9:34  Protoss Air Weapons Level 2 (Chrono Boost)  
  124  9:35  Protoss Air Armor Level 2 (Chrono Boost)  
  124  9:36  Photon Cannon  
  124  9:37  Photon Cannon  
  124  9:40  Photon Cannon  
  124  9:42  Photon Cannon, Observer  
  125  9:45  Photon Cannon  
  125  10:00  Gravitic Boosters  
  125  10:03  Photon Cannon  
  125  10:06  Photon Cannon, Void Ray x2  
  133  10:07  Void Ray x2  
  133  10:08  Stargate  
  133  10:10  Stargate  
  141  10:20  Protoss Ground Weapons Level 2  
  141  10:21  Probe x2  
  141  10:22  Probe x2  
  145  10:30  Photon Cannon  
  145  10:33  Photon Cannon, Probe  
  145  10:34  Probe  
  147  10:36  Photon Cannon  
  147  10:49  Carrier  
  153  11:00  Carrier x2  
  145  11:30  Carrier  
  151  11:39  Carrier  
  157  11:41  Carrier  
  163  12:04  Protoss Air Weapons Level 3 (Chrono Boost)  
  163  12:05  Protoss Air Armor Level 3 (Chrono Boost)  
  163  12:06  Carrier  
  163  12:07  Carrier x2  
  181  12:34  Phoenix  
  183  12:43  Phoenix  
  185  12:45  Phoenix  
  185  12:50  Photon Cannon  
  187  12:51  Photon Cannon  
  187  12:52  Protoss Shields Level 2  
  187  12:53  Photon Cannon  
  187  12:55  Photon Cannon  
  187  12:56  Photon Cannon  
  187  12:59  Photon Cannon, Phoenix  
  187  13:04  Nexus  
  189  13:07  Assimilator  
  189  13:08  Phoenix  
  189  13:10  Phoenix x2  
  189  13:11  Phoenix x2  
  189  13:12  Assimilator  
  197  14:33  Phoenix  
  175  14:57  Pylon  
  175  14:59  Pylon  
  175  15:01  Pylon  
  163  15:07  Phoenix x2  
  163  15:08  Phoenix x4  
  175  15:32  Phoenix x3  
  175  15:33  Phoenix x3  
  182  15:57  Phoenix x3  
  182  15:58  Phoenix, Void Ray x2  
  196  16:22  Void Ray  
  166  17:05  Void Ray  
  132  17:19  Void Ray x3  
  132  17:20  Void Ray x2  
  146  17:47  Void Ray  
  150  18:02  Void Ray x4  
  150  18:03  Void Ray  
  150  18:04  Protoss Ground Weapons Level 3  
  170  18:30  Void Ray  
  174  18:44  Void Ray  
  174  18:45  Void Ray x3  
  190  18:54  Nexus  
  190  18:55  Assimilator  
  190  18:57  Pylon x2  
  190  18:58  Pylon  
  190  18:59  Assimilator, Pylon  
  190  19:00  Void Ray  
  194  19:13  Void Ray  
  198  19:47  Observer  
  193  20:09  Observer  
  180  20:30  Observer  
  137  20:50  Void Ray  
  137  20:51  Void Ray x5  
  137  20:52  Observer  
  132  21:13  Observer  
  133  21:29  Photon Cannon  
  133  21:30  Photon Cannon  
  133  21:33  Void Ray x2  
  133  21:34  Photon Cannon, Void Ray x4  
  133  21:38  Photon Cannon  
  157  21:40  Photon Cannon  
  157  21:41  Photon Cannon  
  157  21:43  Photon Cannon x2  
  157  21:45  Photon Cannon  
  157  22:16  Void Ray x2  
  157  22:17  Void Ray x4, Nexus  
  157  22:19  Assimilator  
  157  22:21  Assimilator  
Tags
 
Add a new tag
Caveats
  • Supply blocks, unpowered buildings, or Contaminate may cause inaccurate times.
  • Supply counts are checked every 10 seconds.